woodfighter, chaotic female orcish Cavewoman ----- |<..| --- #....| .| #|...| - ----- -.| #----- |. |(((| |.| #### |.. |@@(| |.| # |.... |u..| |.| # -+--.....----|----+--.| ----------# | --+---+--............l........| |....>...|# |.............{......{..........| # |........|# | --+--+---.. ---+--...........| ####-...%....|# --- |.------+--.| # |...%..).-# |.| |.| ### ---------- |*+ |.| # |.| |.| ### | ------------ ------.---------.| # |................................## --------------------------------- woodfighter the Young Cave Woman Experience level: 6 Strength: 18/04 Dexterity: 9 Constitution: 17 Intelligence: 9 Wisdom: 9 Charisma: 9 Health: 0(58) Energy: 21(21) Def: 2 Gold: 0 Moves: 2522 Dungeon seed: u8tknd2NpIQY9zgp Game ID: woodfighter_1474978963 Your Inventory: Weapons a - a +1 club (weapon in hand) b - a +2 sling (alternate weapon; not wielded) i - 9 +4 arrows y - 2 +0 arrows Armor n - a blessed +2 dwarvish cloak q - an uncursed +0 leather armor (being worn) r - an uncursed +1 dwarvish cloak z - an uncursed +0 pair of iron shoes B - an uncursed +0 dwarvish cloak C - an uncursed +0 dwarvish mithril-coat D - an uncursed +0 dwarvish iron helm K - a cursed -2 dwarvish cloak N - an uncursed +0 dwarvish cloak Y - a cursed -1 dwarvish cloak Comestibles d - 3 uncursed food rations w - an uncursed lembas wafer G - 2 uncursed tins of dwarf meat M - an uncursed tin of Woodland-elf meat Wands L - a wand of digging (0:5) Tools s - an uncursed sack Gems e - 10 uncursed flints (in quiver) Contents of the sack: 133 gold pieces a [cursed] scroll of destroy armor a [uncursed] scroll of enchant armor a [uncursed] scroll of enchant weapon a [uncursed] scroll of fire a [uncursed] scroll of genocide a [uncursed] scroll of identify a [uncursed] scroll of remove curse a [uncursed] scroll of scare monster a [uncursed] potion of gain energy a [blessed] potion of healing a [uncursed] potion of monster detection a [uncursed] wand of enlightenment [0:15] a [cursed] wand of fire [0:6] a [uncursed] wand of fire [0:4] a [uncursed] [+0] pick-axe Spells and supernatural/magical abilities: Name Level Category Fail Memory W - pray for help -- divine ? -- Your skills at the end: Miscellaneous Skills bare handed combat [Basic] Weapon Skills scimitar [Basic] club [Basic] sling [Basic] Spellcasting Skills Final Attributes: You were piously aligned. You were cold resistant. You were poison resistant. You were telepathic. You had infravision. You were somewhat stealthy. You are dead. Vanquished creatures: a gnome king a blue jelly a rope golem 3 gnome lords a gnomish wizard 2 giant ants a puppy 2 floating eyes 6 dwarves 2 rothes a werejackal a hobbit an acid blob 3 geckos 3 giant rats 2 brown molds 16 gnomes a gnome zombie a fox a newt a goblin 2 sewer rats a grid bug 2 bats 6 lichens 2 kobold zombies 64 creatures vanquished. Voluntary challenges: You did not adorn yourself with jewelry or accessories. You did not cause conflict. You were not invisible. You did not have reflection. You were not displaced. You had been an atheist until turn 2511. You used a wielded weapon 94 times, starting on turn 3. You did not apply a unicorn horn. You did not use plumbed fixtures. You did not drink any magical draughts. You were illiterate. You never genocided any monsters. You never polymorphed an object. You never changed form. You used no wishes. You never split a pudding. You never wrote Elbereth's name. You never violated your personal moral code. Dungeon overview: The Dungeons of Doom: levels 1 to 4 Level 1 (locked box) a fountain a long staircase Level 2 a fountain Level 3 (vault + open water + locked box) stairs to The Gnomish Mines Level 4 The Gnomish Mines: levels 4 to 7 Level 4 stairs to The Dungeons of Doom Level 5 Level 6 <- You were here a lighting shop, some fountains Level 7 History has recorded: On T:1 you entered the Dungeons of Doom to retrieve the Amulet of Yendor! On T:35 you reached level 2 of The Dungeons of Doom. On T:459 you advanced to experience level 2. On T:564 you reached level 3 of The Dungeons of Doom. On T:725 you advanced to experience level 3. On T:1139 you reached level 4 of The Dungeons of Doom. On T:1200 you reached level 1 of The Gnomish Mines. On T:1255 you advanced to experience level 4. On T:1364 you advanced to experience level 5. On T:1427 you reached level 2 of The Gnomish Mines. On T:1835 you advanced to experience level 6. On T:2192 you reached level 3 of The Gnomish Mines. On T:2427 you reached level 4 of The Gnomish Mines. On T:2511 you prayed to Anshar. Score breakdown: Gold: 133 ( 13 points) Experience: 6 levels ( 500 points) Exploration: 7 levels ( 180 points) Discoveries: 22 items ( 1100 points) Variety of kills: 26 monsters ( 1300 points) Major goal: (nothing yet) ( 0 points) Survival: died (score multiplied by 3) Total score: 9279 Latest messages: You are surrounded by a shimmering light. The rope golem loosens its grip slightly. (2x) You feel that Anshar is well-pleased. You feel much better. You hit the rope golem! The rope golem claws you! (2x) You are being choked. You hit the rope golem! The rope golem claws you! (2x) You are being choked. You hit the rope golem! The rope golem claws you! (2x) You are being choked. You destroy the rope golem! You see here 5 tallow candles (65 zorkmids). The horse kicks! The horse bites! You hit the horse! The horse kicks! The horse bites! The horse kicks! The horse bites! You hit the horse! The horse kicks! The horse bites! You die... Izchak gratefully inherits all your possessions. Final status: Goodbye woodfighter the Cavewoman, killed by a horse... You died in The Gnomish Mines on dungeon level 6 with 9279 points, and 133 pieces of gold, after 2522 moves. You were level 6 with a maximum of 58 hit points when you died.